PL
BROOKLYN DODGERS @ DETROIT REAPERS
06/15/2017
 
TOP OF THE 1ST
Phoenix Hotspur batting - Pitching for Brooklyn Dodgers : RHP Ramón Ortega
Pitching: RHP Ramón Ortega
Batting: RHB Raúl González 0-0: Ball
1-0: Ball
2-0: Swinging Strike
2-1: SINGLE (Groundball, 6MD)
Batting: LHB Norm Ortega 0-0: Ball
1-0: Fly out, F1 (Popup, 13S)
Batting: LHB Min-heui Im 0-0: Ball
1-0: Ball
2-0: Foul Ball, location: 2F
2-1: Foul Ball, location: 2F
2-2: Ball
3-2: Foul Ball, location: 2F
3-2: Base on Balls
Raúl González to second
Batting: SHB Arturo Hernández 0-0: Fly out, F8 (Flyball, 8RD)
Runner from 2nd tags up, SAFE at 3rd, no throw
Batting: RHB Ben Ross 0-0: Called Strike
0-1: Foul Ball, location: 2F
0-2: Strikes out looking
Top of the 1st over - 0 run(s), 1 hit(s), 0 error(s), 2 left on base; Phoenix 0 - Brooklyn 0
BOTTOM OF THE 1ST
Brooklyn Dodgers batting - Pitching for Phoenix Hotspur : RHP Bill Grange
Pitching: RHP Bill Grange
Batting: LHB Christian Walls 0-0: Called Strike
0-1: Ball
1-1: Fly out, F8 (Flyball, 8LXD)
Batting: LHB Pancho García 0-0: Ball
1-0: Ball
2-0: Ball
3-0: Called Strike
3-1: Base on Balls
Batting: LHB Ray Sears 0-0: Ball
1-0: Called Strike
1-1: SINGLE (Line Drive, 89S)
Pancho García to second
Batting: RHB Thom Wilcox 0-0: Ball
1-0: Ball
2-0: SINGLE (Groundball, 6MD)
Pancho García to third
Ray Sears to second
Batting: LHB Kenneth Chapman 0-0: Called Strike
0-1: Ball
1-1: Fly out, F5 (Popup, 5)
Batting: RHB Pedro Cruz 0-0: Ball
1-0: Called Strike
1-1: Ground out 5-3 (Groundball, 56S)
Bottom of the 1st over - 0 run(s), 2 hit(s), 0 error(s), 3 left on base; Phoenix 0 - Brooklyn 0
TOP OF THE 2ND
Phoenix Hotspur batting - Pitching for Brooklyn Dodgers : RHP Ramón Ortega
Batting: LHB Curt Webb 0-0: Ball
1-0: Called Strike
1-1: Swinging Strike
1-2: SINGLE (Groundball, 6D)
Batting: LHB Juan Ángel 0-0: Ball
1-0: Ball
2-0: Called Strike
2-1: Swinging Strike
2-2: Foul Ball, location: 2F
2-2: Strikes out swinging
Batting: RHB Bill Grange 0-0: Bunted foul
0-1: Sac Bunt - play at first, batter OUT! 1-4
Curt Webb to second
Batting: RHB António Ramos 0-0: Foul Ball, location: 2F
0-1: Ball
1-1: Ball
2-1: Foul Ball, location: 2F
2-2: Foul Ball, location: 2F
2-2: Foul Ball, location: 2F
2-2: Ball
3-2: Strikes out looking
Top of the 2nd over - 0 run(s), 1 hit(s), 0 error(s), 1 left on base; Phoenix 0 - Brooklyn 0
BOTTOM OF THE 2ND
Brooklyn Dodgers batting - Pitching for Phoenix Hotspur : RHP Bill Grange
Batting: SHB Eiji Suzuki 0-0: Ball
1-0: Called Strike
1-1: Ball
2-1: TRIPLE (Groundball, 3L)
Batting: LHB Egidio Agnolutto 0-0: Ball
1-0: Called Strike
1-1: Foul Ball, location: 2F
1-2: Strikes out swinging
Batting: RHB Ramón Ortega 0-0: Ball
1-0: Swinging Strike
1-1: Ball
2-1: Fly out, F8 (Flyball, 8LM)
Runner from 3rd tags up, SCORES, throw made
Now in CF: Louis Henderson
Batting: LHB Christian Walls 0-0: Ball
1-0: Foul Ball, location: 2F
1-1: Ball
2-1: Called Strike
2-2: Fly out, F8 (Flyball, 8RD)
Bottom of the 2nd over - 1 run(s), 1 hit(s), 0 error(s), 0 left on base; Phoenix 0 - Brooklyn 1
TOP OF THE 3RD
Phoenix Hotspur batting - Pitching for Brooklyn Dodgers : RHP Ramón Ortega
Batting: RHB Raúl González 0-0: Ball
1-0: Ball
2-0: Called Strike
2-1: Swinging Strike
2-2: Ball
3-2: Strikes out looking
Batting: LHB Norm Ortega 0-0: Ball
1-0: Called Strike
1-1: Fly out, F8 (Flyball, 8LXD)
Batting: LHB Min-heui Im 0-0: Called Strike
0-1: Ball
1-1: Called Strike
1-2: Foul Ball, location: 2F
1-2: Foul Ball, location: 2F
1-2: Strikes out looking
Top of the 3rd over - 0 run(s), 0 hit(s), 0 error(s), 0 left on base; Phoenix 0 - Brooklyn 1
BOTTOM OF THE 3RD
Brooklyn Dodgers batting - Pitching for Phoenix Hotspur : RHP Bill Grange
Batting: LHB Pancho García 0-0: Foul Ball, location: 2F
0-1: Fly out, F6 (Popup, 56D)
Batting: LHB Ray Sears 0-0: Called Strike
0-1: Ball
1-1: Foul Ball, location: 2F
1-2: Foul Ball, location: 2F
1-2: Ball
2-2: Ball
3-2: Fly out, F7 (Flyball, 78M)
Batting: RHB Thom Wilcox 0-0: Foul Ball, location: 2F
0-1: Ball
1-1: Foul Ball, location: 2F
1-2: Strikes out looking
Bottom of the 3rd over - 0 run(s), 0 hit(s), 0 error(s), 0 left on base; Phoenix 0 - Brooklyn 1
TOP OF THE 4TH
Phoenix Hotspur batting - Pitching for Brooklyn Dodgers : RHP Ramón Ortega
Batting: SHB Arturo Hernández 0-0: Ball
1-0: Called Strike
1-1: Fly out, F5 (Popup, 5DF)
Batting: RHB Ben Ross 0-0: Ball
1-0: Ball
2-0: Swinging Strike
2-1: Ball
3-1: Foul Ball, location: 2F
3-2: Strikes out swinging
Batting: LHB Curt Webb 0-0: Ground out 4-3 (Groundball, 4)
Top of the 4th over - 0 run(s), 0 hit(s), 0 error(s), 0 left on base; Phoenix 0 - Brooklyn 1
BOTTOM OF THE 4TH
Brooklyn Dodgers batting - Pitching for Phoenix Hotspur : RHP Bill Grange
Batting: LHB Kenneth Chapman 0-0: Ground out 6-3 (Groundball, 6M)
Batting: RHB Pedro Cruz 0-0: Called Strike
0-1: Ball
1-1: Fly out, F8 (Flyball, 8LD)
Batting: SHB Eiji Suzuki 0-0: Ball
1-0: Foul Ball, location: 2F
1-1: Ground out 1-3 (Groundball, 23)
Bottom of the 4th over - 0 run(s), 0 hit(s), 0 error(s), 0 left on base; Phoenix 0 - Brooklyn 1
TOP OF THE 5TH
Phoenix Hotspur batting - Pitching for Brooklyn Dodgers : RHP Ramón Ortega
Batting: RHB Louis Henderson 0-0: Foul Ball, location: 2F
0-1: Ball
1-1: Foul Ball, location: 2F
1-2: Strikes out looking
Batting: RHB Bill Grange 0-0: Ball
1-0: Swinging Strike
1-1: Foul Ball, location: 2F
1-2: Foul Ball, location: 2F
1-2: Fly out, F7 (Line Drive, 7M)
Batting: RHB António Ramos 0-0: Called Strike
0-1: Foul Ball, location: 2F
0-2: Strikes out looking
Top of the 5th over - 0 run(s), 0 hit(s), 0 error(s), 0 left on base; Phoenix 0 - Brooklyn 1
BOTTOM OF THE 5TH
Brooklyn Dodgers batting - Pitching for Phoenix Hotspur : RHP Bill Grange
Batting: LHB Egidio Agnolutto 0-0: Called Strike
0-1: Called Strike
0-2: Ball
1-2: SINGLE (Line Drive, 34D)
Batting: RHB Ramón Ortega 0-0: Sac Bunt - play at first, batter OUT! 2-4
Egidio Agnolutto to second
Batting: LHB Christian Walls 0-0: Ball
1-0: Ball
2-0: Swinging Strike
2-1: Foul Ball, location: 2F
2-2: Ball
3-2: Foul Ball, location: 2F
3-2: Strikes out swinging
Batting: LHB Pancho García 0-0: Swinging Strike
0-1: Ball
1-1: Ball
2-1: Fly out, F8 (Flyball, 8LXD)
Bottom of the 5th over - 0 run(s), 1 hit(s), 0 error(s), 1 left on base; Phoenix 0 - Brooklyn 1
TOP OF THE 6TH
Phoenix Hotspur batting - Pitching for Brooklyn Dodgers : RHP Ramón Ortega
Batting: RHB Raúl González 0-0: Called Strike
0-1: Foul Ball, location: 2F
0-2: Ball
1-2: Strikes out swinging
Batting: LHB Norm Ortega 0-0: Ground out 4-3 (Groundball, 4)
Batting: LHB Min-heui Im 0-0: Foul Ball, location: 2F
0-1: Ball
1-1: Ball
2-1: Ball
3-1: Base on Balls
Batting: SHB Arturo Hernández 0-0: Swinging Strike
0-1: Swinging Strike
0-2: Foul Ball, location: 2F
0-2: Ball
1-2: Ground out U3 (Groundball, 3)
Top of the 6th over - 0 run(s), 0 hit(s), 0 error(s), 1 left on base; Phoenix 0 - Brooklyn 1
BOTTOM OF THE 6TH
Brooklyn Dodgers batting - Pitching for Phoenix Hotspur : RHP Bill Grange
Batting: LHB Ray Sears 0-0: Called Strike
0-1: Ball
1-1: Ball
2-1: Called Strike
2-2: SOLO HOME RUN (Line Drive, 89XD), Distance : 439 ft
Batting: RHB Thom Wilcox 0-0: Ball
1-0: DOUBLE (Flyball, 78D)
Batting: LHB Kenneth Chapman 0-0: Intentional Walk
Batting: RHB Pedro Cruz 0-0: Called Strike
0-1: Ball
1-1: Ball
2-1: Called Strike
2-2: Ball
3-2: Grounds into double play, 5-4-3 (Groundball, 5)
Thom Wilcox to third
Batting: SHB Eiji Suzuki 0-0: Called Strike
0-1: Ball
1-1: SINGLE (Line Drive, 9S)
Thom Wilcox scores
Batting: LHB Egidio Agnolutto 0-0: Fly out, F7 (Flyball, 7M)
Bottom of the 6th over - 2 run(s), 3 hit(s), 0 error(s), 1 left on base; Phoenix 0 - Brooklyn 3
TOP OF THE 7TH
Phoenix Hotspur batting - Pitching for Brooklyn Dodgers : RHP Ramón Ortega
Batting: RHB Ben Ross 0-0: Ball
1-0: Ball
2-0: Swinging Strike
2-1: Foul Ball, location: 2F
2-2: Strikes out swinging
Batting: LHB Curt Webb 0-0: Ball
1-0: Foul Ball, location: 2F
1-1: Ground out 6-3 (Groundball, 6)
Batting: RHB Louis Henderson 0-0: Ball
1-0: Foul Ball, location: 2F
1-1: Foul Ball, location: 2F
1-2: Ball
2-2: Ball
3-2: Foul Ball, location: 2F
3-2: Strikes out swinging
Top of the 7th over - 0 run(s), 0 hit(s), 0 error(s), 0 left on base; Phoenix 0 - Brooklyn 3
BOTTOM OF THE 7TH
Brooklyn Dodgers batting - Pitching for Phoenix Hotspur : RHP Bill Grange
Batting: RHB Ramón Ortega 0-0: Ball
1-0: Ground out 4-3 (Groundball, 4M)
Batting: LHB Christian Walls 0-0: DOUBLE (Line Drive, 78M)
Batting: LHB Pancho García 0-0: Ball
Christian Walls steals 3rd base
1-0: Ball
2-0: Swinging Strike
2-1: Swinging Strike
2-2: Fly out, F7 (Flyball, 7LS)
Batting: LHB Ray Sears 0-0: Ball
1-0: Foul Ball, location: 2F
1-1: Called Strike
1-2: SINGLE (Line Drive, 7S)
Christian Walls scores
Batting: RHB Thom Wilcox 0-0: Called Strike
0-1: Ball
1-1: Ball
2-1: 2-RUN HOME RUN (Flyball, 8LXD), Distance : 444 ft
Batting: LHB Kenneth Chapman 0-0: Reached on error, E4 (Groundball, 34)
Pitching: RHP Richard Sykes
Batting: RHB Pedro Cruz 0-0: Ball
1-0: Called Strike
1-1: Ball
2-1: Ball
3-1: Fielders Choice at 2nd, U4 (Groundball, 4M)
Bottom of the 7th over - 3 run(s), 3 hit(s), 1 error(s), 1 left on base; Phoenix 0 - Brooklyn 6
TOP OF THE 8TH
Phoenix Hotspur batting - Pitching for Brooklyn Dodgers : RHP Ramón Ortega
Now at 1B: Brad Perry
Pinch Hitting: LHB Tim Hargrove 0-0: Foul Ball, location: 2F
0-1: Foul Ball, location: 2F
0-2: Ball
1-2: Foul Ball, location: 2F
1-2: Strikes out looking
Batting: RHB António Ramos 0-0: Ball
1-0: Called Strike
1-1: Swinging Strike
1-2: Strikes out swinging
Batting: RHB Raúl González 0-0: Foul Ball, location: 2F
0-1: Ball
1-1: Ball
2-1: Foul Ball, location: 2F
2-2: Ball
3-2: Strikes out looking
Top of the 8th over - 0 run(s), 0 hit(s), 0 error(s), 0 left on base; Phoenix 0 - Brooklyn 6
BOTTOM OF THE 8TH
Brooklyn Dodgers batting - Pitching for Phoenix Hotspur : RHP Richard Sykes
Pitching: LHP Ángelo Méndez
Batting: SHB Eiji Suzuki 0-0: Ball
1-0: Foul Ball, location: 2F
1-1: Foul Ball, location: 2F
1-2: SINGLE (Line Drive, 5D)
Batting: LHB Egidio Agnolutto 0-0: Ball
1-0: Grounds into double play, 4-6-3 (Groundball, 4M)
Batting: RHB Ramón Ortega 0-0: Called Strike
0-1: Ball
1-1: Called Strike
1-2: Ball
2-2: Ball
3-2: Fly out, F9 (Flyball, 89S)
Bottom of the 8th over - 0 run(s), 1 hit(s), 0 error(s), 0 left on base; Phoenix 0 - Brooklyn 6
TOP OF THE 9TH
Phoenix Hotspur batting - Pitching for Brooklyn Dodgers : RHP Ramón Ortega
Batting: LHB Norm Ortega 0-0: Ball
1-0: Ball
2-0: Ball
3-0: Base on Balls
Batting: LHB Min-heui Im 0-0: Called Strike
0-1: Called Strike
0-2: Foul Ball, location: 2F
0-2: SINGLE (Line Drive, 4M)
Norm Ortega to second
Batting: SHB Arturo Hernández 0-0: Ball
1-0: Ball
2-0: Ball
3-0: Base on Balls
Norm Ortega to third
Min-heui Im to second
Pitching: RHP António Vega
Batting: RHB Ben Ross 0-0: Swinging Strike
0-1: Ball
1-1: Foul Ball, location: 2F
1-2: Ball
2-2: Strikes out swinging
Batting: LHB Curt Webb 0-0: Foul Ball, location: 2F
0-1: SINGLE (Line Drive, 6M)
Norm Ortega scores
Min-heui Im to third
Arturo Hernández to second
Runner from 3rd tries for Home, SAFE, throw made home
Pitching: RHP Ken Hinkle
Batting: RHB Louis Henderson 0-0: Called Strike
0-1: Called Strike
0-2: Strikes out swinging
Pinch Hitting: LHB Ricardo Miranda 0-0: Ground out 4-3 (Groundball, 34)
Top of the 9th over - 2 run(s), 2 hit(s), 0 error(s), 2 left on base; Phoenix 2 - Brooklyn 6
This league is powered by Out of the Park Baseball, the baseball management simulation game for PC, Mac and Linux
Saturday, February 27th, 2021 - OOTP Baseball 15.6 Build 34